 Dungeon Crawl Stone Soup version 0.17-a0-769-g0b87ae3 (webtiles) character file.

988 krey the Covered (level 7, -1/62 HPs)
             Began as a Minotaur Fighter on Apr 23, 2015.
             Was a Follower of Makhleb.
             Slain by a gnoll
             ... wielding a +0 halberd
              (4 damage)
             ... on level 5 of the Dungeon.
             The game lasted 00:40:14 (5604 turns).

krey the Covered (Minotaur Fighter)                 Turns: 5604, Time: 00:40:14

Health: -1/62      AC: 10    Str: 22    XL:     7   Next: 97%
Magic:  6/6        EV:  7    Int:  5    God:    Makhleb [*.....]
Gold:   309        SH: 10    Dex: 10    Spells: 0 memorised, 6 levels left

rFire  . . .     SeeInvis .     a - +1 war axe
rCold  . . .     Clarity  .     r - +0 chain mail
rNeg   . . .     SustAb   .     c - +0 shield
rPois  .         Gourm    .     (helmet restricted)
rElec  .         Spirit   .     (no cloak)
rCorr  .         Warding  .     (no gloves)
rMut   +         Stasis   .     (no boots)
MR     +....                    h - amulet of resist mutation
Stlth  ..........               (no ring)
                                l - ring of protection from magic

@: about to teleport, starving, drained, somewhat resistant to hostile
enchantments, extremely unstealthy
A: retaliatory headbutt, horns 2
a: Renounce Religion


You were on level 5 of the Dungeon.
You worshipped Makhleb.
Makhleb was aware of your devotion.
You were starving.

You visited 1 branch of the dungeon, and saw 5 of its levels.

You collected 309 gold pieces.

Inventory:

Hand weapons
 a - a +1 war axe (weapon)
Armour
 c - a +0 shield (worn)
 r - a +0 chain mail (worn)
Jewellery
 h - an amulet of resist mutation (around neck)
 l - a ring of protection from magic (left hand)
Magical devices
 s - a wand of teleportation (1)
 v - a wand of paralysis (4)
 y - a wand of frost (30)
Scrolls
 b - 2 scrolls of random uselessness
 i - a scroll of teleportation
 j - 2 scrolls of identify
 m - a scroll of recharging {unknown}
 p - a scroll of noise {unknown}
 q - a scroll of fear
 t - a scroll of magic mapping {unknown}
Potions
 d - 2 potions of might
 f - 2 potions of poison {unknown}
 g - 5 potions of curing
 k - 3 potions of heal wounds
 n - a potion of brilliance {unknown}
 o - a potion of lignification {unknown}
 z - 2 potions of restore abilities {unknown}
 B - a potion of invisibility {unknown}
Comestibles
 e - 2 bread rations
 u - a slice of pizza
 w - 6 fruits
 x - 3 meat rations
 A - a beef jerky


   Skills:
 + Level 5.8(5.0) Fighting
 + Level 5.0(4.2) Axes
 + Level 6.7(5.9) Armour
 + Level 3.3(2.6) Dodging
 + Level 1.1(0.5) Stealth
 + Level 6.4(5.6) Shields


You had 6 spell levels left.
You didn't know any spells.

Dungeon Overview and Level Annotations

Branches:
Dungeon (5/15)             Temple (0/1) D:5

Altars:
Fedhas
Makhleb
Xom
Zin

Annotations:
D:5 Prince Ribbit


Innate Abilities, Weirdness & Mutations

You reflexively headbutt those who attack you in melee.
You have a pair of horns on your head.


Message History

The centaur hits you.
* * * LOW HITPOINT WARNING * * *
The adder bites you but does no damage.
Press: ? - help, v - describe, . - travel
Here: an adder (moderately wounded)
The floor.
As you read the scroll of teleportation, it crumbles to dust.
You feel strangely unstable.
The centaur hits you but does no damage.
The gnoll hits you but does no damage. The adder completely misses you.
You block the centaur's attack.
The crimson imp blinks!
You miss the adder.
The adder is moderately wounded.
You hit the centaur but do no damage.
The centaur is almost dead.
The centaur hits you!
* * * LOW HITPOINT WARNING * * *
The adder bites you but does no damage.
The gnoll hits you from afar with a halberd.
You die...

#....#.##..........
#....#.#...........
#....#.#...........
#....#>............
##.#...............
#.#.K.............
#....5.......(....
#####..........(...
#.@S...#(.......(..
#c#######........(.
#g##....g5§.......(
###K##.##############
#....†.# ###
#......############.#
#..(...#............#
#.....##.##########.#
########.# #.#


You could see a centaur, a gnoll, an adder and a kobold.

Vanquished Creatures
  A centaur (D:5)
  4 big kobolds
  The ghost of cojito the Chopper, a weakling MiBe of Trog (D:3)
  3 scorpions
  2 hounds (D:4)
  Ijyb (D:3)
  A giant frog skeleton (D:4)
  An orc priest (D:4)
  Natasha (thrice) (D:2)
  A hound skeleton (D:5)
  7 gnolls
  3 adders
  An ooze (D:1)
  A worm (D:2)
  2 adder zombies
  4 giant geckos
  2 orcs (D:4)
  11 bats
  2 giant cockroaches
  39 goblins
  28 hobgoblins
  8 jackals
  14 kobolds
  4 quokkas
  4 giant newts
  A jackal skeleton (D:4)
  A quokka zombie (D:5)
  11 rats
161 creatures vanquished.

Notes
Turn   | Place    | Note
--------------------------------------------------------------
     0 | D:1      | krey, the Minotaur Fighter, began the quest for the Orb.
     0 | D:1      | Reached XP level 1. HP: 19/19 MP: 0/0
   160 | D:1      | Reached XP level 2. HP: 27/27 MP: 1/1
   524 | D:1      | Reached skill level 4 in Fighting
   847 | D:2      | Reached XP level 3. HP: 33/33 MP: 2/2
   990 | D:2      | Noticed Natasha
   995 | D:2      | Killed Natasha
   995 | D:2      | Reached skill level 1 in Dodging
   995 | D:2      | Reached XP level 4. HP: 30/40 MP: 3/3
  1136 | D:2      | Noticed Natasha
  1142 | D:2      | Killed Natasha
  2050 | D:3      | Noticed cojito's ghost (weakling MiBe)
  2698 | D:3      | Reached XP level 5. HP: 42/47 MP: 4/4
  2765 | D:3      | Noticed a big kobold
  2765 | D:3      | Noticed a big kobold
  2765 | D:3      | Noticed a big kobold
  2833 | D:3      | Killed a big kobold
  2833 | D:3      | Reached skill level 5 in Shields
  2861 | D:3      | Reached skill level 5 in Armour
  2884 | D:2      | Killed a big kobold
  2884 | D:2      | Reached XP level 6. HP: 21/53 MP: 5/5
  3095 | D:3      | Killed a big kobold
  3263 | D:3      | Noticed Ijyb
  3306 | D:3      | Killed Ijyb
  3306 | D:3      | Reached skill level 5 in Fighting
  3666 | D:2      | Noticed Natasha
  3669 | D:2      | Killed Natasha
  3947 | D:3      | Killed cojito's ghost
  3947 | D:3      | Reached XP level 7. HP: 44/61 MP: 6/6
  4446 | D:4      | Found a blossoming altar of Fedhas.
  4450 | D:4      | Found a glowing silver altar of Zin.
  4453 | D:4      | Found a shimmering altar of Xom.
  4456 | D:4      | Found a burning altar of Makhleb.
  4460 | D:4      | Reached skill level 6 in Armour
  4481 | D:4      | Got an ichor-stained ring mail
  4520 | D:4      | Became a worshipper of Makhleb the Destroyer
  4753 | D:4      | Reached skill level 1 in Stealth
  4875 | D:5      | Entered Level 5 of the Dungeon
  4904 | D:5      | Noticed Prince Ribbit
  4905 | D:5      | Found a staircase to the Ecumenical Temple.
  5037 | D:5      | Acquired Makhleb's first power
  5053 | D:5      | Reached skill level 5 in Axes
  5067 | D:5      | HP: 1/62 [Prince Ribbit (15)]
  5604 | D:5      | HP: 3/62 [centaur (7)]
  5604 | D:5      | Slain by a gnoll

Action                   |  1- 3 |  4- 6 |  7- 9 || total
-------------------------+-------+-------+-------++-------
Melee: War axe           |    68 |   259 |   121 ||   448
Evoke: Wand              |       |     1 |     1 ||     2
  Use: Potion            |     1 |       |       ||     1
       Scroll            |       |     5 |     2 ||     7
 Stab: Paralysed         |       |     4 |       ||     4
  Eat: Chunk             |       |     8 |     4 ||    12
       Fruit             |       |     2 |       ||     2
